 Dungeon Crawl Stone Soup version 0.21.1-1-g345015f (webtiles) character file.

100 lysyklops the Firebug (level 4, -3/33 HPs)
             Began as a Draconian Fire Elementalist on July 27, 2018.
             Slain by aaksess's ghost (7 damage)
             ... on level 3 of the Dungeon.
             The game lasted 00:07:51 (2704 turns).

lysyklops the Firebug (Draconian Fire Elementalist) Turns: 2704, Time: 00:07:52

Health: -3/33      AC:  5    Str: 10    XL:     4   Next: 46%
Magic:  4/7        EV: 12    Int: 16    God:
Gold:   131        SH:  0    Dex: 12    Spells: 7/8 levels left

rFire    . . .     SeeInvis .   m - +0 whip (venom)
rCold    . . .     Gourm    .   (no shield)
rNeg     . . .     Faith    .   (armour unavailable)
rPois    .         Spirit   .   (helmet restricted)
rElec    .         Reflect  .   (no cloak)
rCorr    .         Harm     .   (no gloves)
MR       .....                  (no boots)
Stlth    ++........             (no amulet)
HPRegen  0.11/turn              (no ring)
MPRegen  0.10/turn              (no ring)

@: no status effects
A: unfitting armour, cold-blooded, AC +5
a: no special abilities


You were on level 3 of the Dungeon.
You were hungry.

You visited 1 branch of the dungeon, and saw 3 of its levels.

You collected 131 gold pieces.

Inventory:

Hand Weapons
 g - a +0 short sword
 m - a +0 whip of venom (weapon)
Missiles
 p - 24 sling bullets
Armour
 s - a +2 hat
Magical Staves
 t - an uncursed staff of fire {unknown}
Jewellery
 l - an uncursed ring of flight {unknown}
Wands
 v - a wand of paralysis (10)
Scrolls
 c - 2 scrolls of enchant armour {unknown}
 e - 3 scrolls of magic mapping {unknown}
 f - 2 scrolls of remove curse {unknown}
 i - 2 scrolls of identify {unknown}
 k - 2 scrolls of fog {unknown}
 o - a scroll of immolation {unknown}
 r - 3 scrolls of teleportation {unknown}
Potions
 d - a potion of magic {unknown}
 h - 2 potions of lignification {unknown}
 j - 2 potions of agility {unknown}
 n - 4 potions of curing {unknown}
 q - a potion of might {unknown}
 u - a potion of resistance {unknown}
Books
 a - a book of Flames

   Spells                             Type                      Level
   a - Flame Tongue                   Conjuration/Fire             1
   b - Throw Flame                    Conjuration/Fire             2
   c - Conjure Flame                  Conjuration/Fire             3
   d - Inner Flame                    Hexes/Fire                   3
   e - Sticky Flame                   Conjuration/Fire             4
   f - Fireball                       Conjuration/Fire             5
Comestibles
 b - 7 rations


   Skills:
 + Level 2.4 Dodging
 - Level 1.7 Stealth
 + Level 2.6 Spellcasting
 + Level 2.0 Conjurations
 * Level 4.1 Fire Magic


You had 7 spell levels left.
You knew the following spells:

 Your Spells              Type           Power        Failure   Level  Hunger
a - Flame Tongue          Conj/Fire      ##...        5%          1    #......


Dungeon Overview and Level Annotations

Branches:
Dungeon (3/15)

Altars:
Qazlal

Annotations:
D:3 aaksess's ghost, amateur TeCj


Innate Abilities, Weirdness & Mutations

Your plain brown scales are hard. (AC +5)
You cannot fit into any form of body armour.
You are cold-blooded and may be slowed by cold attacks.


Message History

* * * LOW HITPOINT WARNING * * *
Aaksess's ghost points at you and mumbles some strange words.
The magic dart hits you!
* * * LOW HITPOINT WARNING * * *
Casting: Flame Tongue
Confirm with . or Enter, or press ? or * to list all spells.
Aiming: Flame Tongue
Press: ? - help, Shift-Dir - straight line, f/p - aaksess's ghost
Aim: aaksess's ghost (moderately damaged)
The flame tongue hits aaksess's ghost.
Aaksess's ghost is heavily damaged.
Aaksess's ghost barely misses you.
Casting: Flame Tongue
Confirm with . or Enter, or press ? or * to list all spells.
Aiming: Flame Tongue
Press: ? - help, Shift-Dir - straight line, f/p - aaksess's ghost
Aim: aaksess's ghost (heavily damaged)
The flame tongue misses aaksess's ghost.
Aaksess's ghost hits you!
You die...

.# #)#.## .# ..(. .#
#.###### # .#
######......# '# .#
#...........# ... .#
#.####......# .... .# #
##.....# .....
######.####......#......
................@W......
######.###.....###......
.# #..<......# #?.... .#
#####.##### #.... .# #.#
#... .# #.# #'# .# #.#
.# .# #.# #.# .# #.#
########.##


You could see aaksess's ghost.

Vanquished Creatures
  Terence (D:3)
  An adder (D:3)
  An ooze (D:3)
  4 worms (D:2)
  A dart slug (D:1)
  3 leopard geckos
  7 bats
  A giant cockroach (D:3)
  5 goblins
  9 hobgoblins
  4 jackals (D:1)
  2 frilled lizards
  4 kobolds
  3 rats
46 creatures vanquished.

Vanquished Creatures (others)
  4 toadstools (D:1)
4 creatures vanquished.

Grand Total: 50 creatures vanquished

Notes
Turn   | Place    | Note
-------+----------+-------------------------------------------
     0 | D:1      | lysyklops the Draconian Fire Elementalist began the quest for the Orb.
     0 | D:1      | Reached XP level 1. HP: 14/14 MP: 3/3
   332 | D:1      | Reached XP level 2. HP: 20/20 MP: 3/5
  1081 | D:2      | Reached XP level 3. HP: 26/26 MP: 0/6
  1745 | D:2      | Found a stormy altar of Qazlal.
  2141 | D:3      | Reached XP level 4. HP: 29/33 MP: 4/7
  2187 | D:3      | Reached skill level 4 in Fire Magic
  2432 | D:3      | Noticed Terence
  2449 | D:3      | Killed Terence
  2679 | D:3      | Noticed aaksess's ghost (amateur TeCj)
  2704 | D:3      | Slain by aaksess's ghost

Skill      XL: |  1  2  3  4 |
---------------+-------------+-----
Dodging        | 2 |  2.4
Fire Magic     | 4 |  4.1
Conjurations   | 2 |  2.0
Stealth        | |  1.7
Spellcasting   | |  2.6

Action                   |  1- 3 |  4- 6 || total
-------------------------+-------+-------++-------
Melee: Short sword       |    11 |       ||    11
       Whip              |    24 |    13 ||    37
       Tailslap          |     2 |     3 ||     5
 Cast: Flame Tongue      |    68 |    18 ||    86
 Stab: Sleeping          |     1 |       ||     1
  Eat: Chunk             |     4 |     2 ||     6
Armor: Skin              |     8 |     5 ||    13
Dodge: Dodged            |    27 |     9 ||    36
